AoeStats
← Ridder Lancelot

Arena

504491678Analyzed
2v2 RM · 28d ago on Sep 5, 2026· 56m 43s· 4 players
Game mode
Random Map
Map size
Medium (4 player)
Population
200
Speed
Normal
Resources
Standard
Victory
Conquest
Starting age
Dark Age
Ending age
Imperial Age
RankedLock teamsTeams togetherTeam positionsShared explorationLock speedFull tech treeHidden civsTurbo modeCheats
Victory
Defeat
🇺🇸 Dravidians · United States
1043
+16
🇨🇱 Cumans · Chile
973
+19
🇳🇱 Burgundians · Netherlands
1135
-22
🇧🇪 Italians · Belgium
934
-20
sicANDtwisted
10:34 Feudal Age
11:06 Horse Collar
11:14 Double-Bit Axe
17:19 Castle Age
16:00 Forging
15:51 Man-at-Arms
16:33 Scale Mail Armor
16:58 Gold Mining
17:12 Arson
18:07 Heavy Plow
17:34 Long Swordsman
18:32 Bow Saw
18:30 Gambesons
18:47 Squires
21:13 Caravan
23:19 Iron Casting
23:15 Pikeman
25:09 Wheelbarrow
25:06 Chain Mail Armor
25:23 Town Watch
25:49 Loom
26:24 Fletching
28:12 Hand Cart
32:30 Imperial Age
31:22 Bodkin Arrow
32:19 Town Patrol
34:13 Chemistry
32:49 Two-Handed Swordsman
34:12 Conscription
34:20 Ballistics
35:25 Champion
36:08 Halberdier
38:08 Elite Skirmisher
42:12 Blast Furnace
41:43 Plate Mail Armor
43:57 Wootz Steel
46:41 Thumb Ring
Tuko00o
1:16 Loom
9:45 Feudal Age
20:50 Wheelbarrow
20:45 Double-Bit Axe
21:12 Horse Collar
25:01 Castle Age
24:38 Forging
24:35 Scale Barding Armor
24:21 Fletching
24:33 Padded Archer Armor
24:42 Gold Mining
24:42 Stone Mining
26:26 Thumb Ring
25:58 Pikeman
26:39 Squires
27:51 Bow Saw
28:26 Hand Cart
29:04 Bloodlines
28:26 Elite Skirmisher
30:54 Gold Shaft Mining
31:02 Heavy Plow
31:23 Caravan
31:57 Arson
35:52 Imperial Age
34:49 Iron Casting
34:11 Bodkin Arrow
34:31 Leather Archer Armor
35:26 Ballistics
35:02 Murder Holes
35:31 Chain Barding Armor
34:37 Light Cavalry
36:52 Heavy Cavalry Archer
37:57 Parthian Tactics
39:27 Chemistry
39:15 Ring Archer Armor
39:10 Conscription
38:52 Steppe Husbandry
39:25 Elite Kipchak
41:28 Blast Furnace
41:04 Plate Barding Armor
40:40 Halberdier
42:49 Cuman Mercenaries
45:10 Scale Mail Armor
45:32 Hussar
48:45 Chain Mail Armor
50:52 Crop Rotation
51:38 Two-Man Saw
Ridder Lancelot
5:32 Double-Bit Axe
11:05 Feudal Age
9:28 Horse Collar
12:01 Bow Saw
12:31 Loom
13:48 Wheelbarrow
13:46 Heavy Plow
17:17 Castle Age
15:46 Gold Mining
16:44 Forging
17:17 Scale Barding Armor
18:54 Hand Cart
22:00 Iron Casting
23:10 Gold Shaft Mining
23:39 Two-Man Saw
23:01 Cavalier
24:55 Stone Mining
25:44 Husbandry
27:15 Chain Barding Armor
27:35 Crop Rotation
27:47 Gold Shaft Mining
28:23 Padded Archer Armor
32:37 Imperial Age
34:36 Blast Furnace
34:12 Plate Barding Armor
33:02 Paladin
34:53 Chemistry
34:14 Ballistics
34:22 Ballistics
35:34 Burgundian Vineyards
35:51 Conscription
41:26 Capped Ram
43:48 Fletching
44:14 Leather Archer Armor
44:15 Elite Skirmisher
46:43 Bodkin Arrow
46:30 Light Cavalry
47:05 Hussar
49:15 Crossbowman
49:57 Bracer
T-Bow
11:27 Feudal Age
16:06 Castle Age
18:19 Double-Bit Axe
18:35 Horse Collar
23:40 Padded Archer Armor
23:30 Fletching
24:41 Ballistics
27:50 Imperial Age
29:54 Chemistry
28:56 Bodkin Arrow
29:16 Leather Archer Armor
31:22 Elite Genoese Crossbowman
34:40 Fortified Wall
39:05 Bracer
39:35 Ring Archer Armor
Connection lost

Rejoining the realm…

Still unreachable

The connection could not be restored.

Session expired

The server has moved on; the page needs a fresh start.